[Event "*** Titled Tuesday Blitz AM"]
[Site "Chess.com"]
[Date "2020.01.07"]
[Round "2"]
[White "GremioPrudente"]
[Black "muran29"]
[Result "1-0"]
[WhiteElo "2265"]
[BlackElo "2480"]
[TimeControl "180+2"]
[EndTime "9:24:05 PST"]
[Termination "GremioPrudente won by resignation"]

1. Nf3 d5 2. d4 e6 3. c4 Nf6 4. Nc3 c6 5. e3 Nbd7 6. Bd3 Bd6 7. O-O O-O 8. e4 dxe4 9. Nxe4 Nxe4 10. Bxe4 Nf6 11.
Bc2 c5 12. dxc5 Bxc5 13. Qe2 h6 14. Bf4 Qe7 15. Rfd1 b6 16. a3 a5 17. Nd4 Bb7 18. Nb3 Rad8 19. Nxc5 Qxc5 20. b3 Qc6 21. f3 Rd7 22.
Rxd7 Nxd7 23. Rd1 e5 24. Qd3 f5 25. Qxd7 exf4 26. Qxc6 Bxc6 27. Rd6 Rc8 28. Bxf5 Rc7 29.
Bg6 Kf8 30. Rd4 Ke7 31. Rxf4 Kd6 32. Be4 Ke5 33. Rg4 h5 34. Rg5+ Kd4 35. Rxh5 Kc3 36.
Bxc6 Rxc6 37. Rb5 a4 38. bxa4 Kxc4 39. Kf2 Rd6 40. Rb4+ Kd5 41. a5 bxa5 42. Rb5+ Ke6 43. Rxa5 Rd2+ 44. Kg3 Kf6 45. Ra8 Ra2 46. a4 Kg6 47. a5 Kh7 48. a6 Ra4 49. h4 Ra5 50.
a7 Ra4 51. Kh3 Ra3 52. Kg4 Ra5 53. g3 Ra4+ 54. f4 Ra5 55. Kf3 Ra3+ 56. Ke4 Ra4+ 57. Kd5 Rxa7 58. Rxa7 1-0

[Event "*** Titled Tuesday Blitz AM"]
[Site "Chess.com"]
[Date "2020.01.07"]
[Round "2"]
[White "capatl"]
[Black "Kriari"]
[Result "1-0"]
[WhiteElo "2660"]
[BlackElo "2913"]
[TimeControl "180+2"]
[EndTime "9:24:06 PST"]
[Termination "capatl won by resignation"]

1. c4 Nf6 2. Nc3 g6 3. g3 Bg7 4. Bg2 O-O 5. e3 e5 6. Nge2 d6 7. O-O h5 8. h3 Nc6 9. d4 h4 10. g4 Nxg4 11. hxg4 Bxg4 12. f3 Bh5 13. d5 Ne7 14. e4 f5 15. Bg5 Bf6 16. Qd2 f4 17. Bxf6 Rxf6 18. Bh3 Kh7 19. Kf2 c6 20. Rg1 Qb6+ 21.
Kg2 g5 22. Raf1 g4 23. fxg4 Rg8 24. Kh2 f3 25. Nc1 f2 26. Rg2 Bxg4 27. Bxg4 Rf4 28. Bh3 Rxg2+ 29. Bxg2 Ng6 30. Nd3 Rg4 31. Qxf2 Qd8 32.
Bh3 Rg3 33. Qf7+ Kh6 34. Bf5 Qg5 35. Qxg6+ Qxg6 36. Bxg6 Rxd3 37. dxc6 bxc6 38. Be8 Rd2+ 39. Kh3 Rxb2 40. Bxc6 Rc2 41. Rf3 Kg5 42. Bd5 Rc1 43.
Nb5 Rh1+ 44. Kg2 Ra1 45. Nxd6 Rxa2+ 46. Kh3 a5 47. Rf5+ Kg6 48. Kxh4 a4 49. c5 Rh2+ 50. Kg3 Rh1 51. Rxe5 a3 52. c6 Rc1 53. Re7 Kf6 54.
Re6+ Kg7 55. Kf4 Rxc6 56. Bxc6 a2 57. Re7+ Kf6 58. Ra7 Ke6 59. Rxa2 1-0

[Event "*** Titled Tuesday Blitz AM"]
[Site "Chess.com"]
[Date "2020.01.07"]
[Round "2"]
[White "lucasmito"]
[Black "kkpanu9"]
[Result "1-0"]
[WhiteElo "2440"]
[BlackElo "2097"]
[TimeControl "180+2"]
[EndTime "9:24:07 PST"]
[Termination "lucasmito won on time"]

1. e4 c5 2. Nf3 d6 3. Nc3 Nf6 4.
d4 cxd4 5. Nxd4 g6 6. Be3 Bg7 7. f3 O-O 8. Qd2 Nc6 9. O-O-O Nxd4 10. Bxd4 Be6 11. Kb1 Qc7 12. h4 Rfc8 13. h5 Qa5 14. hxg6 hxg6 15. a3 b5 16. Nd5 Qxd2 17. Nxf6+ Bxf6 18. Rxd2 Bxd4 19. Rxd4 Rab8 20. Bd3 Kg7 21. Kc1 a5 22. Kd2 b4 23. axb4 axb4 24. Ra1 Rh8 25. Ke3 b3 26. c3 Ra8 27. Rda4 Rxa4 28. Rxa4 Rh2 29. Kf2 Bh3 30. Kg3 Rxg2+ 31. Kxh3 Rxb2 32. Bc4 Rc2 33. Bxb3 Rxc3 34. Bd1 Rd3 35. Ra1 e6 36. Kg3 d5 37. exd5 exd5 38. Be2 Rd2 39. Kf2 d4 40. Rd1 Rb2 41. Rxd4 Kf6 42. Ke3 Ke5 43. Rd7 f6 44. f4+ Ke6 45. Rg7 g5 46. fxg5 fxg5 47. Rxg5 Rb4 48.
Bd3 Kd6 49. Be4 Rc4 50. Rd5+ 1-0

[Event "*** Titled Tuesday Blitz AM"]
[Site "Chess.com"]
[Date "2020.01.07"]
[Round "2"]
[White "dawtonlms"]
[Black "IMUltimateBeast"]
[Result "1-0"]
[WhiteElo "2327"]
[BlackElo "2600"]
[TimeControl "180+2"]
[EndTime "9:24:08 PST"]
[Termination "dawtonlms won by resignation"]

1. e4 c5 2. Nf3 e6 3. d3 Nc6 4. g3 d5 5. Nbd2 Nf6 6. Bg2 Be7 7. O-O O-O 8. Re1 b5 9. e5 Nd7 10. Nf1 a5 11. h4 b4 12. h5 h6 13. N1h2 a4 14. a3 bxa3 15. bxa3 Rb8 16. Ng4 Kh8 17. Bf4 Ba6 18. Qd2 Nd4 19. Bxh6 Nxf3+ 20. Bxf3 gxh6 21.
Qxh6+ Kg8 22. Qd2 Bg5 23. Qd1 Rb2 24. Bg2 f5 25. exf6 Nxf6 26. Rxe6 Bc8 27. Nxf6+ Bxf6 28. Re1 Kh8 29. h6 Bf5 30. Qh5 Qd7 31. Bf3 Rxc2 32. Rad1 Bh7 33. Bg4 Qd8 34. Be6 d4 35. Bc4 Bg5 36.
f4 Bf6 37. Re2 Rxc4 38. dxc4 d3 39. Re6 Bd4+ 40. Kh2 Bf5 41. Ree1 d2 42. Re2 Bc3 43. Re3 Qd4 44. Qf3 Bg4 45. Qxg4 Qxe3 46. Kh3 Qe1 47.
f5 Kh7 48. Qg6+ Kh8 49. Qg4 Rg8 50. Qf3 Rxg3+ 51. Qxg3 Qxg3+ 52. Kxg3 Kh7 53. Kf4 1-0

[Event "*** Titled Tuesday Blitz AM"]
[Site "Chess.com"]
[Date "2020.01.07"]
[Round "2"]
[White "Hikaru"]
[Black "crescentmoon2411"]
[Result "0-1"]
[WhiteElo "3173"]
[BlackElo "3120"]
[TimeControl "180+2"]
[EndTime "9:24:09 PST"]
[Termination "crescentmoon2411 won by resignation"]

1. Nf3 Nf6 2. b3 c5 3. Bb2 Nc6 4. e3 d6 5. d4 cxd4 6. Nxd4 g6 7.
Nxc6 bxc6 8. c4 Bg7 9. Be2 O-O 10. O-O Bf5 11. Bf3 Qc7 12. Nc3 Rfd8 13. Rc1 Rac8 14.
Qe2 Qa5 15. Rfd1 Nd7 16. g4 Be6 17. Bg2 Nf6 18. h3 h5 19. f3 hxg4 20. hxg4 Qg5 21.
Rd3 d5 22. Rcd1 Nxg4 23. fxg4 Bxg4 24. Qd2 Bxd1 25. Nxd1 Bxb2 26. Nxb2 e6 27. Qc3 dxc4 28. Nxc4 Rxd3 29. Qxd3 Rd8 30. Qe2 c5 31. Qf3 Kg7 32. Kf1 Rd3 33. Ke2 Rd5 34. Qh3 Rd8 35. Qh2 Qf6 36. Qe5 Qxe5 37. Nxe5 f5 38. Bc6 Kf6 39. Nc4 g5 40. a4 g4 41. a5 e5 42. Nb6 axb6 43.
a6 f4 44. a7 f3+ 45. Ke1 Kf5 46. a8=Q Rxa8 47. Bxa8 b5 48. Bc6 c4 49. Bxb5 cxb3 50. Ba4 b2 51. Bc2+ Kg5 52. Kf2 Kh4 53. Be4 Kh3 54. Bd3 g3+ 0-1

[Event "*** Titled Tuesday Blitz AM"]
[Site "Chess.com"]
[Date "2020.01.07"]
[Round "2"]
[White "Zubrrr"]
[Black "MattyDPerrine"]
[Result "1-0"]
[WhiteElo "2720"]
[BlackElo "2336"]
[TimeControl "180+2"]
[EndTime "9:24:09 PST"]
[Termination "Zubrrr won by resignation"]

1. c4 c5 2. g3 Nc6 3. Bg2 g6 4. Nc3 Bg7 5. Nf3 d6 6. O-O Nh6 7. a3 Nf5 8. Rb1 Be6 9. d3 O-O 10. Bd2 a5 11. e3 h6 12. g4 Nxe3 13. fxe3 Bxg4 14. Qe1 f5 15. Ne2 Ne5 16. Nf4 Qd7 17.
Nxe5 dxe5 18. Nxg6 Rf7 19. Bc3 Qd6 20. Nh4 e6 21. Bf3 Bh3 22. Rf2 Qxd3 23. Rd2 Qxc4 24. Qg3 Bg4 25. Bxg4 Qxg4 26. Qxg4 fxg4 27. Rf1 Raf8 28.
Rxf7 Rxf7 29. Rd6 h5 30. Rxe6 Kh7 31. Bxe5 Bh6 32. Bf4 Bxf4 33. exf4 Rxf4 34. Re7+ Kh6 35. Rxb7 Rc4 36. Nf5+ Kg5 37. Ne3 Re4 38. Kf2 Rf4+ 39. Ke2 Rf3 40. Rb5 Rh3 41. Rxc5+ Kf4 42. Nf1 h4 43.
Rxa5 g3 44. Ra4+ Kg5 45. hxg3 hxg3 46. Kf3 g2+ 47. Kxg2 Rb3 48. Rb4 Rd3 49. Kf2 Kf5 50. Ke2 Rd7 51. Ne3+ Ke5 52. a4 1-0

[Event "*** Titled Tuesday Blitz AM"]
[Site "Chess.com"]
[Date "2020.01.07"]
[Round "2"]
[White "alishersuleymenov"]
[Black "Fh2411"]
[Result "1-0"]
[WhiteElo "2811"]
[BlackElo "2522"]
[TimeControl "180+2"]
[EndTime "9:24:10 PST"]
[Termination "alishersuleymenov won by checkmate"]

1. d4 d5 2. Nf3 Nf6 3. c3 c6 4. Bf4 Bf5 5. Nbd2 Nbd7 6. e3 e6 7. Ne5 Nxe5 8. dxe5 Nd7 9. h4 h6 10. h5 Qb6 11. Qc1 Nc5 12. Nf3 Nd3+ 13. Bxd3 Bxd3 14. Nd4 c5 15. Nb3 a5 16. Qd2 Bc4 17. Qc2 Qa6 18. Nc1 a4 19. f3 b5 20. Rb1 b4 21.
b3 Bb5 22. cxb4 cxb4 23. Kf2 Rc8 24. Qd2 a3 25. Re1 Be7 26. Ne2 O-O 27. Rbc1 Rxc1 28. Rxc1 Rc8 29. Nd4 Bd7 30. g4 Qb7 31. Rg1 Rc3 32.
g5 hxg5 33. Bxg5 Bxg5 34. Rxg5 Kh7 35. Qd1 Qc8 36. Qg1 Qf8 37. Qb1+ Kh8 38. f4 Bc8 39.
Nb5 Rc5 40. Nd6 Ba6 41. Qd1 Rc3 42. h6 gxh6 43. Qh5 Rc7 44. f5 Bd3 45. Rg4 Rc2+ 46. Kg3 Be2 47. Nxf7+ Kh7 48. Qg6# 1-0

[Event "*** Titled Tuesday Blitz AM"]
[Site "Chess.com"]
[Date "2020.01.07"]
[Round "2"]
[White "Endgamegenius"]
[Black "Justmig"]
[Result "0-1"]
[WhiteElo "2288"]
[BlackElo "2709"]
[TimeControl "180+2"]
[EndTime "9:24:13 PST"]
[Termination "Justmig won by resignation"]

1. e4 c6 2. d4 d5 3. Nd2 dxe4 4. Nxe4 Bf5 5. Ng3 Bg6 6. N1e2 Nd7 7. Nf4 e5 8. Nxg6 hxg6 9. c3 exd4 10. Qxd4 Ngf6 11. Be2 Bc5 12. Qf4 O-O 13. O-O Re8 14. Bc4 Ne5 15. Bb3 Nd3 16. Qf3 Re1 17. Be3 Bxe3 18. fxe3 Rxa1 19. Rxa1 Qe7 20. Qe2 Nc5 21. Re1 a5 22.
Bc2 Rd8 23. e4 Nfd7 24. e5 Re8 25. b4 axb4 26. cxb4 Ne6 27. a3 Nd4 28. Qd3 Nxc2 29. Qxc2 Nxe5 30. Kh1 Qh4 31. Qc3 Qf4 32. Ne4 Ng4 33.
g3 Qf5 34. h3 Rxe4 35. hxg4 Rxe1+ 36. Qxe1 Qxg4 37. Qe8+ Kh7 38. Qxf7 Qh3+ 39. Kg1 Qxg3+ 40. Kh1 Qxa3 41. Qf4 Qa1+ 42. Kg2 Qb2+ 43. Kh1 Qb1+ 44. Kg2 Qc2+ 45. Kh1 Qd1+ 46. Kg2 Qe2+ 47. Kh1 Qh5+ 48. Kg2 b5 49. Qd6 Qd5+ 50. Qxd5 cxd5 51. Kf3 g5 52. Ke3 g4 53. Kf4 Kg6 54. Kxg4 Kf6 55. Kf4 g5+ 56. Kf3 Ke5 0-1

[Event "*** Titled Tuesday Blitz AM"]
[Site "Chess.com"]
[Date "2020.01.07"]
[Round "2"]
[White "Olga_Zhuravleva"]
[Black "SalgadoChess91"]
[Result "0-1"]
[WhiteElo "2311"]
[BlackElo "2718"]
[TimeControl "180+2"]
[EndTime "9:24:14 PST"]
[Termination "SalgadoChess91 won by resignation"]

1. e4 e5 2. Nf3 Nc6 3. Bc4 Bc5 4. d3 d6 5. c3 Bb6 6. h3 h6 7. O-O Qf6 8. Be3 Nge7 9. b4 g5 10. Nh2 Ng6 11. a4 a6 12. Nd2 Nf4 13. b5 Ne7 14. a5 Ba7 15. Bxa7 Rxa7 16. bxa6 bxa6 17. Qa4+ Bd7 18. Qb3 Ra8 19. Qb7 Bc6 20. Qxc7 h5 21.
Rab1 O-O 22. Qb6 Kg7 23. Qe3 g4 24. hxg4 hxg4 25. Nxg4 Qg6 26. f3 f5 27. exf5 Nxf5 28.
Qb6 Rac8 29. Ne4 d5 30. Bxd5 Nxd5 31. Qf2 Rh8 32. Qa7+ Nde7 33. Nxe5 Qh5 34. Nxc6 Rxc6 35. Rb7 Qh4 36. Rxe7+ Qxe7 37. Qxe7+ Nxe7 38. c4 Rb8 39. Kf2 Rb2+ 40. Ke3 Rxg2 41. Rh1 Rh6 42. Rb1 Ra2 43. Rb7 Kf8 44. Nc5 Rxa5 45. Nd7+ Ke8 46. Nb6 Re6+ 47.
Kf4 Rf5+ 48. Kg3 Re3 49. Rb8+ Kf7 50. Nd7 Rexf3+ 51. Kg2 Rxd3 52. Rf8+ Kg7 53. Re8 Rxd7 0-1

[Event "*** Titled Tuesday Blitz AM"]
[Site "Chess.com"]
[Date "2020.01.07"]
[Round "2"]
[White "manmanlai1"]
[Black "Azatic"]
[Result "0-1"]
[WhiteElo "2331"]
[BlackElo "2573"]
[TimeControl "180+2"]
[EndTime "9:24:14 PST"]
[Termination "Azatic won on time"]

1. Nf3 c5 2. e3 Nf6 3. d4 g6 4. Nbd2 Bg7 5. c3 b6 6. Bd3 Bb7 7. O-O d5 8. Ne5 O-O 9. f4 Nc6 10. Qe2 Rc8 11. Ndf3 Ne4 12. Bd2 e6 13. Be1 Ne7 14. Bh4 f6 15. Ng4 Nf5 16. Be1 h5 17. Nf2 Qd6 18. Nd2 Nxf2 19. Bxf2 Rce8 20. Nf3 cxd4 21.
cxd4 Rc8 22. Nh4 Kh7 23. a3 Rc7 24. Rac1 Rfc8 25. Rxc7 Qxc7 26. h3 Qf7 27. Nxf5 exf5 28. g4 hxg4 29. hxg4 fxg4 30. Qxg4 f5 31. Qh3+ Bh6 32.
Kg2 Kg7 33. Bh4 Rh8 34. Rh1 Kg8 35. Qg3 Bg7 36. Qe1 Qc7 37. Bg5 Rxh1 38. Kxh1 Kf7 39.
Kg2 Bc8 40. Kg3 Be6 41. Qd2 Bf8 42. Be2 a5 43. Bf3 Qc4 44. Be2 Qc6 0-1

[Event "*** Titled Tuesday Blitz AM"]
[Site "Chess.com"]
[Date "2020.01.07"]
[Round "2"]
[White "Leonid_Starozhilov"]
[Black "KRASAVCHIK2002"]
[Result "1/2-1/2"]
[WhiteElo "2701"]
[BlackElo "2478"]
[TimeControl "180+2"]
[EndTime "9:24:16 PST"]
[Termination "Game drawn by repetition"]

1. e4 e5 2. Nc3 Nf6 3. Nf3 Nc6 4.
Bb5 Nd4 5. Bc4 Nxf3+ 6. Qxf3 Bc5 7. d3 c6 8. Bg5 h6 9. Be3 Bxe3 10. fxe3 b5 11.
Bb3 a5 12. a3 d5 13. exd5 a4 14. Ba2 cxd5 15. Nxd5 Ra7 16. Nxf6+ Qxf6 17. Qxf6 gxf6 18. O-O-O Ke7 19. c3 h5 20. Rhf1 Ra6 21. d4 e4 22.
Kd2 h4 23. Rf2 f5 24. Rdf1 Rg6 25. Re1 Rhg8 26. Ree2 Be6 27. Bxe6 fxe6 28. Kc2 Kd6 29. b3 Kd5 30. Kb2 h3 31. g3 Rg4 32. Rc2 axb3 33. Kxb3 Rc8 34. Ra2 Ra8 35. Rfb2 e5 36. Kc2 f4 37. Rxb5+ Kc6 38. Rxe5 fxg3 39. hxg3 Rxg3 40. Kb3 Rb8+ 41. Kc4 Rb1 42. Re6+ Kd7 43. Rxe4 Rg2 44.
Rxg2 hxg2 45. Rg4 g1=Q 46. Rxg1 Rxg1 47. e4 Kc6 48. e5 Ra1 49. d5+ Kd7 50. Kb4 Rb1+ 51.
Kc4 Ra1 52. Kb4 Rb1+ 53. Kc4 Ra1 1/2-1/2

[Event "*** Titled Tuesday Blitz AM"]
[Site "Chess.com"]
[Date "2020.01.07"]
[Round "2"]
[White "dianosky"]
[Black "HomayoonTofighi"]
[Result "0-1"]
[WhiteElo "2358"]
[BlackElo "2685"]
[TimeControl "180+2"]
[EndTime "9:24:17 PST"]
[Termination "HomayoonTofighi won by resignation"]

1. d4 d6 2. c4 Nd7 3. Nc3 e5 4. d5 f5 5. e4 Nc5 6. f3 Nf6 7. b4 Na6 8. a3 g6 9. Bd3 Bg7 10.
Nge2 O-O 11. O-O f4 12. g4 Nxg4 13. fxg4 Bxg4 14. Qe1 g5 15. Kh1 Qd7 16. Ra2 Bh5 17. Ng1 g4 18. Qh4 Bg6 19. h3 g3 20. Be2 Bf6 21. Qg4 Qg7 22. Kg2 h5 23. Qf3 c6 24.
c5 dxc5 25. dxc6 cxb4 26. cxb7 Qxb7 27. Nd5 Bg7 28. axb4 Nxb4 29. Nxb4 Qxb4 30. Ba3 Qb7 31. Re1 Rfc8 32. Bd1 Kh7 33. Rb2 Qa6 34. Be2 Qa4 35. Rb4 Qa5 36. Reb1 Rc2 37. Rb5 Qa4 38. R1b4 Qa6 39.
Rb8 Qc6 40. Rxa8 Qxa8 41. Rb2 Rxb2 42. Bxb2 Qxe4 43. Qxe4 Bxe4+ 44. Nf3 Bd5 45. Kf1 e4 46. Ng5+ Kg6 47. Bxg7 Kxg7 48. h4 f3 49. Ba6 Kf6 50. Nh3 Ke5 0-1

[Event "*** Titled Tuesday Blitz AM"]
[Site "Chess.com"]
[Date "2020.01.07"]
[Round "2"]
[White "Witik"]
[Black "Anton_Demchenko"]
[Result "1/2-1/2"]
[WhiteElo "2672"]
[BlackElo "3005"]
[TimeControl "180+2"]
[EndTime "9:24:21 PST"]
[Termination "Game drawn by repetition"]

1. d4 Nf6 2. c4 g6 3. Nc3 Bg7 4. e4 O-O 5. Nf3 d6 6. Be2 e5 7. O-O Na6 8. Re1 c6 9. Bf1 exd4 10. Nxd4 Re8 11. Nb3 Be6 12. Bf4 Bf8 13. Qd2 Ng4 14. Nd4 Bd7 15. Rad1 Ne5 16. h3 Nc5 17. Kh1 Qb6 18.
Be3 f6 19. f4 Nf7 20. Bg1 Rad8 21. b4 Qxb4 22. Nd5 Qxd2 23. Nxf6+ Kh8 24. Rxd2 Re7 25. e5 Bc8 26. Nf3 b6 27. Red1 Bg7 28. exd6 Re6 29. d7 Bxf6 30. dxc8=Q Rxc8 31. Nd4 Re4 32. f5 Ne5 33.
fxg6 hxg6 34. Nb3 Ne6 35. Rd6 Re8 36. c5 b5 37. Nd4 Nxd4 38. Bxd4 Kg7 39. Bxe5 R8xe5 40. Rxc6 Re1 41. Rcd6 Rxd1 42. Rxd1 Rxc5 43. Rd7+ Kh6 44.
g3 a5 45. Bd3 Be5 46. Kg2 b4 47. h4 Bf6 48. Rd6 Kg7 49. Rd7+ Kh6 50. Rd6 Kg7 51. Rd7+ Kh6 1/2-1/2

[Event "*** Titled Tuesday Blitz AM"]
[Site "Chess.com"]
[Date "2020.01.07"]
[Round "2"]
[White "Alopekos"]
[Black "senecacrane"]
[Result "0-1"]
[WhiteElo "2513"]
[BlackElo "2328"]
[TimeControl "180+2"]
[EndTime "9:24:21 PST"]
[Termination "senecacrane won by resignation"]

1. d4 d5 2. c4 e6 3. g3 Nf6 4. Nf3 dxc4 5. Bg2 a6 6. O-O Nc6 7. e3 Bd7 8. b3 cxb3 9. axb3 Bd6 10. Bb2 Qe7 11. Nc3 O-O 12. Ne1 Rac8 13. Nd3 Rfe8 14. Na4 e5 15. d5 Nb4 16. e4 Nxd3 17. Qxd3 Bb5 18. Qc2 Bxf1 19. Bxf1 c6 20. Nb6 Rc7 21.
Qd3 cxd5 22. exd5 e4 23. Qd4 Be5 24. Qxe5 Qxe5 25. Bxe5 Rxe5 26. Rd1 Re8 27. Bh3 Rc3 28. d6 Rxb3 29. d7 Rd8 30. Nc4 Rd3 31. Rb1 b5 32. Ne5 Rd5 33. Nc6 R8xd7 34. Bxd7 Rxd7 35. Ne5 Re7 36. Nc6 Rc7 37. Nb4 a5 38. Na2 b4 39.
Kg2 g6 40. Nc1 Rc2 41. Nb3 a4 42. Nd4 Rc4 43. Nb5 a3 44. Ra1 Nd5 45. f3 Rc2+ 46. Kh3 e3 47. Nd4 Rb2 48. Re1 e2 49.
Nxe2 Rxe2 50. Rxe2 b3 51. Re1 b2 52. Rd1 Nc3 0-1

[Event "*** Titled Tuesday Blitz AM"]
[Site "Chess.com"]
[Date "2020.01.07"]
[Round "2"]
[White "MarcoRiehle"]
[Black "KhazarBabazada"]
[Result "0-1"]
[WhiteElo "2627"]
[BlackElo "2908"]
[TimeControl "180+2"]
[EndTime "9:24:23 PST"]
[Termination "KhazarBabazada won by resignation"]

1. e4 c5 2. Nf3 d6 3. d4 cxd4 4. Nxd4 Nf6 5. f3 a6 6. c4 g6 7.
Nc3 Bg7 8. Be3 O-O 9. Qd2 b6 10. Be2 Bb7 11. O-O Nbd7 12. Rfd1 Rc8 13. Rac1 h5 14.
Bf1 Qc7 15. b4 Ne5 16. Nd5 Nxd5 17. cxd5 Qd7 18. Nb3 f5 19. exf5 Qxf5 20. Bxb6 h4 21. Nd4 Qh5 22. Ne6 Rxc1 23. Qxc1 Rc8 24. Qe3 Bh6 25. Qe4 Rc3 26. Bd4 Rxf3 27. Bxe5 Rf7 28. Be2 Qxe5 29. Qxe5 dxe5 30. Nd8 Be3+ 31. Kh1 Rf2 32. Bc4 Ba8 33. Nc6 Kg7 34. Nxe5 Rc2 35. Bb3 Re2 36. Nc6 Bf4 37. Nd4 Re4 38. Ne6+ Kf6 39.
Rf1 g5 40. g3 Rxe6 41. gxf4 g4 42. Kg2 Re2+ 43. Rf2 Re3 44. Rc2 e6 45. Rc8 Bxd5+ 46. Bxd5 exd5 47. Rc6+ Kf5 48. Rxa6 Re2+ 49. Kg1 Kxf4 50.
b5 d4 51. b6 Rb2 52. Kf1 d3 53. Ke1 Ke3 54. Kf1 h3 0-1

[Event "*** Titled Tuesday Blitz AM"]
[Site "Chess.com"]
[Date "2020.01.07"]
[Round "2"]
[White "nihalsarin"]
[Black "crazy_machine"]
[Result "1-0"]
[WhiteElo "3070"]
[BlackElo "2673"]
[TimeControl "180+2"]
[EndTime "9:24:24 PST"]
[Termination "nihalsarin won by resignation"]

1. e4 d6 2. d4 Nf6 3. Nc3 g6 4. Bf4 c6 5. Qd2 Bg7 6. O-O-O O-O 7. Bh6 b5 8. f3 Qa5 9. Kb1 Be6 10. d5 b4 11. Bxg7 bxc3 12. Qxc3 Qxc3 13. bxc3 Kxg7 14. dxe6 fxe6 15. Nh3 h6 16. Nf4 Kf7 17. Bc4 d5 18. Bb3 Nbd7 19. Rhe1 Nc5 20. exd5 exd5 21. Nd3 Nxd3 22.
Rxd3 a5 23. a3 a4 24. Ba2 Ra7 25. c4 e6 26. Kc1 Rb8 27. Rde3 Re7 28. g4 Rbb7 29.
cxd5 exd5 30. c4 d4 31. c5+ Kf8 32. Rxe7 Rxe7 33. Rxe7 Kxe7 34. Kd2 Nd7 35. Kd3 Nxc5+ 36. Kxd4 Kd6 37. f4 Nd7 38. h4 Nf6 39. g5 hxg5 40. fxg5 Nd7 41. Bb1 Nf8 42. Bc2 Ne6+ 43. Kc4 Nf4 44.
Bxa4 Ng2 45. h5 gxh5 46. g6 Ne3+ 47. Kd4 Nf5+ 48. Ke4 Ng7 49. Kf4 c5 50. Kg5 Ke5 51. Bd1 c4 52. a4 Kd6 53. Kh6 Ne6 54. Kxh5 Kc5 55. Kh6 Kb4 56. g7 Nxg7 57. Kxg7 c3 58. Kf6 Kc4 59. Ke5 Kd3 60. a5 1-0

[Event "*** Titled Tuesday Blitz AM"]
[Site "Chess.com"]
[Date "2020.01.07"]
[Round "2"]
[White "Sjakkerntobi"]
[Black "SCIM"]
[Result "1-0"]
[WhiteElo "2259"]
[BlackElo "2488"]
[TimeControl "180+2"]
[EndTime "9:24:25 PST"]
[Termination "Sjakkerntobi won by resignation"]

1. e4 c5 2. Nf3 e6 3. d4 cxd4 4. Nxd4 Nc6 5. Nc3 Qc7 6. Be2 Nf6 7.
O-O Be7 8. Be3 O-O 9. f4 d6 10. Qe1 Nxd4 11. Bxd4 e5 12. Be3 b6 13. Rd1 Bb7 14.
Bd3 Kh8 15. Kh1 Rad8 16. Nd5 Bxd5 17. exd5 e4 18. Be2 Qxc2 19. Bd4 Qa4 20. a3 Rc8 21. g4 Rc2 22. Bc3 e3 23. Bd3 Rxc3 24. bxc3 Nxd5 25. c4 Nf6 26. Qxe3 Bd8 27. g5 Qc6+ 28. Kg1 Ng4 29.
Qh3 Qc5+ 30. Kh1 Qc6+ 31. Qf3 Qxf3+ 32. Rxf3 f6 33. h3 fxg5 34. hxg4 gxf4 35. Bf5 Bf6 36. Rxd6 Be5 37. Rd7 g6 38. Be4 Re8 39. Bd5 Bb8 40. Kg2 h5 41. gxh5 g5 42. Bf7 Re1 43. Rd8+ Kg7 44.
Rxb8 Kxf7 45. Rb7+ Kf6 46. Rxa7 Re2+ 47. Rf2 Re3 48.
Rb7 Rxa3 49. Rxb6+ Kf5 50. Rb5+ Kg4 51. h6 Rg3+ 52. Kf1 f3 53. c5 Rh3 54. Rb4+ Kg3 55.
Rxf3+ Kxf3 56. Rb3+ 1-0

[Event "*** Titled Tuesday Blitz AM"]
[Site "Chess.com"]
[Date "2020.01.07"]
[Round "2"]
[White "vlad10898"]
[Black "ChessFunMaker"]
[Result "1-0"]
[WhiteElo "2676"]
[BlackElo "2356"]
[TimeControl "180+2"]
[EndTime "9:24:27 PST"]
[Termination "vlad10898 won by checkmate"]

1. e4 c5 2. Nf3 d6 3. d4 cxd4 4. Nxd4 Nf6 5. Nc3 a6 6. Bg5 e6 7. f4 h6 8. Bh4 Be7 9. Qf3 Nbd7 10. O-O-O Qc7 11. Be2 b5 12. Bxf6 Nxf6 13. e5 Bb7 14. Qg3 dxe5 15. fxe5 Nd5 16. Nxe6 fxe6 17. Qg6+ Kd7 18.
Bg4 Qxe5 19. Nxd5 Bxd5 20. Rxd5+ Qxd5 21. Rd1 Bg5+ 22. Kb1 Qxd1+ 23. Bxd1 Bf6 24. Qf7+ Kd6 25. Bf3 Rab8 26. Bg4 Rhe8 27. Qa7 Ke5 28. Qc5+ Kf4 29. Bh5 Red8 30. g3+ Ke4 31. Qc6+ Rd5 32. Qxe6+ Re5 33. Qc6+ Ke3 34. Qf3+ Kd4 35. a3 Rd8 36. Qc3+ Kd5 37. Bf3+ Kd6 38. Qc6+ Ke7 39. Qxa6 Rd2 40. Qb7+ Kf8 41.
Qc8+ Rd8 42. Qc6 Re1+ 43. Ka2 Re5 44. h4 Rde8 45. Bh5 Rd8 46. Bg6 Re7 47. Qxb5 Be5 48. c3 Rb8 49. Qf1+ Kg8 50. Bc2 Reb7 51. b4 Bxc3 52. Qc4+ Kh8 53. Qxc3 Ra7 54. Qd3 Rba8 55. Qh7# 1-0

[Event "*** Titled Tuesday Blitz AM"]
[Site "Chess.com"]
[Date "2020.01.07"]
[Round "2"]
[White "mbojan"]
[Black "julinha97"]
[Result "1-0"]
[WhiteElo "2706"]
[BlackElo "2224"]
[TimeControl "180+2"]
[EndTime "9:24:30 PST"]
[Termination "mbojan won by resignation"]

1. e4 c5 2. Nf3 d6 3. d4 cxd4 4.
Nxd4 Nf6 5. Nc3 g6 6. f4 Nc6 7. Be2 Bg7 8. Be3 O-O 9. Qd2 Nxd4 10. Bxd4 e5 11. Be3 exf4 12. Bxf4 Re8 13. Bf3 Qb6 14.
O-O-O Ng4 15. b3 Qa5 16. Na4 Qxd2+ 17. Bxd2 Nf2 18. Nc3 Nxh1 19. Rxh1 Be6 20. Nb5 Red8 21. Nc7 Rac8 22. Nxe6 fxe6 23. Bg4 Re8 24. Rd1 Rcd8 25.
Bf4 Be5 26. Bxe5 dxe5 27. Bxe6+ Kg7 28. Bd5 b6 29. Kb2 Rf8 30. Rd2 Rd7 31. c4 Rc8 32. Kc3 Rcd8 33. Kb4 h6 34. Kb5 g5 35. a4 h5 36. b4 g4 37. a5 Rd6 38. Rf2 bxa5 39. Kxa5 Rb8 40. Rf7+ Kg6 41. Rxa7 Kg5 42. b5 Kf4 43. c5 Rf6 44. c6 Ke3 45. c7 Rc8 46.
b6 Rf1 47. Kb5 Rb1+ 48. Kc6 h4 49. Be6 Rc1+ 50. Kd6 Re8 51. b7 Rxe6+ 52. Kxe6 1-0

[Event "*** Titled Tuesday Blitz AM"]
[Site "Chess.com"]
[Date "2020.01.07"]
[Round "2"]
[White "vova-79"]
[Black "Butterfly"]
[Result "1-0"]
[WhiteElo "2610"]
[BlackElo "2291"]
[TimeControl "180+2"]
[EndTime "9:24:31 PST"]
[Termination "vova-79 won by checkmate"]

1. d4 Nf6 2. c4 c5 3. Nf3 e6 4.
Nc3 d5 5. cxd5 Nxd5 6. e4 Nxc3 7.
bxc3 cxd4 8. cxd4 Bb4+ 9. Bd2 Bxd2+ 10. Qxd2 O-O 11. Bc4 b6 12. O-O Bb7 13. Rfe1 Nd7 14. Rad1 Rc8 15. Bb3 Nf6 16. Qf4 Qc7 17. Qh4 b5 18. h3 a5 19. d5 a4 20. d6 Qd8 21. e5 Nd7 22. Bxe6 fxe6 23. Qxd8 Rfxd8 24. Nd4 Bd5 25. Nxb5 Bxa2 26. f4 Rc2 27. Nd4 Rb2 28. f5 Bd5 29. Nxe6 Rxg2+ 30. Kf1 Rc8 31. Nf4 Rg5 32.
Nxd5 Rxf5+ 33. Kg1 Rg5+ 34. Kh1 Rc2 35. Rf1 Rgg2 36. Ne7+ Kh8 37. Rf3 Rh2+ 38. Kg1 h5 39. e6 Ne5 40. Ng6+ Nxg6 41. d7 Ne5 42. d8=Q+ Kh7 43. Rf8 Rcg2+ 44. Kf1 Ng6 45. e7 Nh4 46. Rh8+ Kg6 47. e8=Q+ Kf5 48. Qd5+ Kf6 49. Qef7# 1-0

[Event "*** Titled Tuesday Blitz AM"]
[Site "Chess.com"]
[Date "2020.01.07"]
[Round "2"]
[White "heyiampotato"]
[Black "levallem"]
[Result "1-0"]
[WhiteElo "2471"]
[BlackElo "2178"]
[TimeControl "180+2"]
[EndTime "9:24:31 PST"]
[Termination "heyiampotato won by resignation"]

1. d4 d5 2. c4 e6 3. Nc3 c6 4.
e3 Nf6 5. Nf3 Nbd7 6. Qc2 b6 7.
b3 Bb7 8. Be2 Rc8 9. O-O Be7 10.
Bb2 O-O 11. Rfd1 Qc7 12. Rac1 Qb8 13. g3 Rfd8 14. cxd5 cxd5 15. Qd3 a6 16. Bf1 Rc7 17. Bg2 Rdc8 18. Ne2 Rxc1 19. Rxc1 Rxc1+ 20. Nxc1 Qc7 21. Ne2 Ne4 22. Nd2 Nxd2 23. Qxd2 h5 24. h3 Bd6 25. Nf4 g6 26. h4 Nf6 27. f3 Bc6 28.
Bf1 a5 29. Bd3 Kg7 30. Kf2 Bxf4 31. gxf4 Qe7 32. Qc1 Qd7 33. a4 Ne8 34. e4 Nd6 35.
Qe3 Qe7 36. Kg3 Ne8 37. Qc1 Qd7 38. f5 dxe4 39. fxe4 Qd6+ 40. Qf4 Qxf4+ 41. Kxf4 Bd7 42. fxg6 fxg6 43. d5+ Kf7 44. Ke5 Nf6 45. Kd6 exd5 46. Bxf6 dxe4 47. Bxe4 Be6 48. Bd4 Bxb3 49. Bc6 Bxa4 50.
Bxa4 b5 51. Bxb5 g5 52. hxg5 Kg6 53. Bf6 h4 54. Kc5 h3 55. Bc6 a4 56. Kb4 h2 57.
Kxa4 h1=Q 58. Bxh1 1-0